 Dungeon Crawl Stone Soup version 0.22.1-1-ga44c0e5 (webtiles) character file.

302 Fang the Chopper (level 6, -1/39 HPs)
             Began as a Gargoyle Berserker on Oct 2, 2018.
             Was a Priest of Trog.
             Killed by nerve-wracking pain
             ... invoked by an orc priest
              (3 damage)
             ... on level 4 of the Dungeon.
             The game lasted 00:04:44 (2786 turns).

Fang the Chopper (Gargoyle Berserker)               Turns: 2786, Time: 00:04:44

Health: -1/39      AC:  6    Str: 22    XL:     6   Next: 37%
Magic:  15/15      EV: 12    Int:  8    God:    Trog [***...]
Gold:   128        SH:  0    Dex:  9    Spells: 5/5 levels left

rFire    . . .     SeeInvis .   a - +0 hand axe
rCold    . . .     Gourm    .   (no shield)
rNeg     + . .     Faith    .   b - +0 animal skin
rPois    ∞         Spirit   .   (no helmet)
rElec    +         Reflect  .   (no cloak)
rCorr    .         Harm     .   (no gloves)
MR       .....                  (no boots)
Stlth    ++........             (no amulet)
HPRegen  0.13/turn              f - ring of magical power
MPRegen  0.14/turn              (no ring)

@: berserk cooldown, slowed, very slow
A: negative energy resistance 1, electricity resistance, unbreathing,
petrification resistance, rot immunity, AC +4
a: Berserk, Trog's Hand, Renounce Religion


You were on level 4 of the Dungeon.
You worshipped Trog.
Trog was most pleased with you.
You were near starving.

You visited 1 branch of the dungeon, and saw 4 of its levels.

You collected 128 gold pieces.

Inventory:

Hand Weapons
 a - a +0 hand axe (weapon)
Armour
 b - a +0 animal skin (worn)
Jewellery
 f - a ring of magical power (left hand)
 j - a +4 ring of strength {unknown}
 m - an uncursed amulet of faith {unknown}
Scrolls
 e - 3 scrolls of identify {unknown}
 i - 3 scrolls of remove curse {unknown}
 l - 2 scrolls of enchant armour {unknown}
 n - a scroll of teleportation {unknown}
Potions
 d - a potion of cancellation {unknown}
 g - a potion of degeneration {unknown}
 h - a potion of ambrosia {unknown}
 k - 2 potions of curing {unknown}
Comestibles
 c - 5 rations
 o - 2 chunks of flesh


   Skills:
 + Level 4.5 Fighting
 + Level 4.8 Axes
 + Level 2.2 Armour
 + Level 2.6 Dodging
 + Level 2.0 Stealth


You had 5 spell levels left.
You didn't know any spells.
Your spell library was empty.

Dungeon Overview and Level Annotations

Branches:
Dungeon (4/15)
 Temple: D:4-7

Altars:


Innate Abilities, Weirdness & Mutations

You are resistant to torment.
Your stone body is resilient. (AC +4)
You are immune to poison.
You resist negative energy. (rN+)
You are resistant to electric shocks. (rElec)
You can survive without breathing.
You are immune to petrification.
You are immune to rotting.


Message History

A magic dart appears from out of thin air!
The magic dart hits you!
* * * LOW HITPOINT WARNING * * *
The orc closely misses you. The orc priest closely misses you.
You closely miss something. You barely miss the orc priest.
Something hits you but does no damage. The orc hits you but does no damage.
You are no longer berserk.
You are exhausted.
You feel yourself slow down. The orc priest barely misses you.
Unknown command.
You barely miss the orc priest.
The orc priest hits you with a hand axe.
* * * LOW HITPOINT WARNING * * *
Something barely misses you. The orc barely misses you.
Unknown command.
Unknown command.
Okay, then.
The orc priest mumbles some strange prayers to Beogh against you.
Pain shoots through your body!
You die...

...##.##..###
#######>#
...##.......# #.#
#..#####..#.##
.##
.............# #.
##.......#...# ##
#########...#
####### ##...####
#.....#
#.......######...
#.....#
#....#..@.o......
##.####
##.....##.##.....
#.# #....##.#o#
#.# #.# #....#?.
... #.# #....##.
.##.# ##.##
#..>..## ## ..
...## #.#.# ..
###### . ###.....


You could see an orc priest and an orc.

Vanquished Creatures
  A bullfrog (D:3)
  A hound (D:4)
  An orc priest (D:3)
  2 orc wizards (D:4)
  A worker ant (D:4)
  An adder (D:3)
  A worm (D:3)
  2 dart slugs (D:2)
  3 leopard geckos
  7 orcs
  2 ball pythons
  2 giant cockroaches
  5 hobgoblins
  8 jackals
  11 kobolds
  9 bats
  5 frilled lizards
  7 goblins
  11 rats
80 creatures vanquished.

Notes
Turn   | Place    | Note
-------+----------+-------------------------------------------
     0 | D:1      | Fang the Gargoyle Berserker began the quest for the Orb.
     0 | D:1      | Reached XP level 1. HP: 14/14 MP: 1/1
    93 | D:1      | Reached XP level 2. HP: 11/19 MP: 2/2
   558 | D:1      | Reached XP level 3. HP: 24/24 MP: 3/3
   748 | D:2      | Reached ** piety under Trog
  1234 | D:2      | Reached XP level 4. HP: 17/29 MP: 4/4
  1712 | D:3      | Found a faded altar of an unknown god.
  1748 | D:3      | Reached skill level 1 in Stealth
  2011 | D:3      | Noticed a bullfrog
  2016 | D:3      | Killed a bullfrog
  2016 | D:3      | Reached XP level 5. HP: 33/33 MP: 5/5
  2642 | D:4      | Reached *** piety under Trog
  2642 | D:4      | Reached XP level 6. HP: 39/39 MP: 6/6
  2782 | D:4      | HP: 2/58 [something/magic dart (4)]
  2786 | D:4      | Killed from afar by an orc priest

Skill      XL: |  1  2  3  4  5  6 |
---------------+-------------------+-----
Axes           | 3 4 |  4.8
Dodging        | 2 |  2.6
Fighting       | 4 |  4.5
Stealth        | 1 2 |  2.0
Armour         | |  2.2

Action                   |  1- 3 |  4- 6 || total
-------------------------+-------+-------++-------
Melee: Hand axe          |   153 |   102 ||   255
Invok: Berserk           |     1 |     5 ||     6
 Stab: Sleeping          |     1 |     1 ||     2
  Eat: Chunk             |     2 |     8 ||    10
Armor: Animal skin       |    65 |    24 ||    89
Dodge: Dodged            |   116 |    57 ||   173
